 Dungeon Crawl Stone Soup version 0.19-a0-1007-g133f65f (webtiles) character file.

927 Implojin the Grappler (level 7, -6/66 HPs)
             Began as a Troll Fighter on July 20, 2016.
             Was a Priest of Okawaru.
             Mangled by a wyvern skeleton (8 damage)
             ... on level 8 of the Dungeon.
             The game lasted 00:05:28 (555 turns).

Implojin the Grappler (Troll Fighter)                Turns: 555, Time: 00:05:28

Health: -6/66      AC:  5    Str: 25    XL:     7   Next: 85%
Magic:  4/6        EV:  8    Int:  4    God:    Okawaru [***...]
Gold:   0          SH:  9    Dex: 11    Spells: 0 memorised, 6 levels left

rFire  . . .     SeeInvis .       - Unarmed
rCold  . . .     Gourm    +     a - +0 robe
rNeg   . . .     Faith    .     b - +0 shield
rPois  .         Spirit   .     (helmet restricted)
rElec  .         Dismiss  .     (no cloak)
rCorr  .         Reflect  .     (gloves unavailable)
SustAt .         Harm     .     (boots unavailable)
MR     .....                    (no amulet)
Stlth  +.........               (no ring)
                                (no ring)

@: marked, not resistant to hostile enchantments, very unstealthy
A: unfitting armour, claws 3, fast metabolism 3, gourmand, regeneration 2,
shaggy fur 1, tough skin 2
a: Heroism, Renounce Religion


You were on level 8 of the Dungeon.
You worshipped Okawaru.
Okawaru was most pleased with you.
You were very full.

You visited 1 branch of the dungeon, and saw 8 of its levels.

Inventory:

Armour
 a - a +0 robe (worn)
 b - a +0 shield (worn)
Jewellery
 k - an uncursed ring of sustain attributes {unknown}
Wands
 l - a wand of iceblast (8/15)
Potions
 e - 2 potions of agility
 f - a potion of brilliance {unknown}
 h - a potion of berserk rage {unknown}
Books
 j - a book of Spatial Translocations

   Spells                             Type                      Level
   a - Apportation                    Translocation                1
   b - Blink                          Translocation                2
   c - Shroud of Golubria             Charms/Translocation         2
   d - Portal Projectile              Translocation                3
   e - Teleport Other                 Translocation                3
   f - Passage of Golubria            Translocation                4
Comestibles
 c - 5 chunks of flesh
 d - 2 bread rations


   Skills:
 - Level 2.4 Fighting
 - Level 2.4 Dodging
 - Level 2.4 Shields
 * Level 9.2 Unarmed Combat


You had 6 spell levels left.
You didn't know any spells.

Dungeon Overview and Level Annotations

Branches:
Dungeon (8/15)
 Temple: D:4-7         Lair: D:8-11

Altars:
Nemelex Xobeh
Okawaru
Qazlal
The Shining One

Shops:
D:7 %

Annotations:
D:2 exclusion: upstairs
D:6 Prince Ribbit
D:8 exclusion: upstairs


Innate Abilities, Weirdness & Mutations

You are too large for most types of armour.
You have claws for hands.
Your metabolism is lightning-fast.
You like to eat raw meat.
You heal very quickly.
You are covered in fur. (AC +1)
You have very tough skin. (AC +2)


Message History

Okawaru accepts your kill.
You mangle Typerbomb's ghost!!
Typerbomb's ghost is severely damaged.
Typerbomb's ghost hits you but does no damage.
You mangle Typerbomb's ghost!!
You destroy Typerbomb's ghost!
Okawaru is honoured by your kill.
Your base Unarmed Combat skill gained 2 levels and is now at level 9!
You have reached level 7!
You block the wyvern skeleton's attack.
A killer bee comes into view.
You scratch the wyvern skeleton. The wyvern skeleton bites you!
* * * LOW HITPOINT WARNING * * *
Okay, then.
Unknown command.
Unknown command.
Okay, then.
A killer bee comes into view.
The wyvern skeleton bites you!
* * * LOW HITPOINT WARNING * * *
Unknown command.
Found 13 gold pieces.
A centaur comes into view.
As you read the scroll labeled KAFRAPROVVE, it crumbles to dust.
It is a scroll of enchant weapon.
You aren't carrying any weapons that can be enchanted.
You feel like a meek peon again.
The centaur wields a shortbow.
The centaur shoots an arrow.
You block the arrow. The wyvern skeleton bites you!
* * * LOW HITPOINT WARNING * * *
The centaur shoots an arrow.
You block the arrow.
As you read the scroll labeled IRRAYN USUKOLI, it crumbles to dust.
It is a scroll of identify.
e - 2 potions of agility The wyvern skeleton bites you!
* * * LOW HITPOINT WARNING * * *
The centaur shoots an arrow.
The arrow hits you.
* * * LOW HITPOINT WARNING * * *
The wyvern skeleton bites you!
You die...

P≈P......######.#
#.
≈≈≈PPP..........#
.. ≈≈≈≈PP!.......#
P≈≈♣♣≈♣P.##.####†#
.≈≈≈♣♣≈ZP≈#.# #.#
P≈♣♣P♣≈≈≈P#.# #y#
P♣PPPP≈≈≈≈W.# #y#
♣≈P.PPP♣♣PP.# #Z#
≈≈..PP.≈≈PP.# #@#
≈≈P...PP♣≈..#
#....$#
≈P#....≈≈P≈.#
#...#.#
PP####.P≈♣P.#
#.....# ≈P#
#..≈≈P.# ####.#
P## ##..≈≈## #.#
.# #####P.P# #.#
.# .. ^...# ###c#
.##.# #..... ..#.#


You could see a centaur, 2 killer bees and a wyvern skeleton.

Vanquished Creatures
  The ghost of Typerbomb the Carver, a novice TeFi of Fedhas (D:8)
  2 sky beasts (D:6)
  A black bear (D:6)
  A giant frog (D:8)
  A crimson imp (D:6)
  A hound (D:4)
  6 gnolls
  2 adders (D:2)
  A shadow imp (D:7)
  A ball python (D:2)
  A giant cockroach (D:2)
  2 goblins
  A kobold (D:2)
  A quokka (D:7)
  2 bats (D:2)
  A giant gecko zombie (D:8)
  A giant newt (D:2)
  A quokka zombie (D:6)
27 creatures vanquished.

Notes
Turn   | Place    | Note
-------+----------+-------------------------------------------
     0 | D:1      | Implojin the Troll Fighter began the quest for the Orb.
     0 | D:1      | Reached XP level 1. HP: 22/22 MP: 0/0
    27 | D:2      | Reached XP level 2. HP: 24/29 MP: 1/1
    39 | D:2      | Reached skill level 3 in Unarmed Combat
   142 | D:2      | Found a sparkling altar of Nemelex Xobeh.
   142 | D:2      | Found an iron altar of Okawaru.
   145 | D:2      | Became a worshipper of Warmaster Okawaru
   164 | D:2      | Found a glowing golden altar of the Shining One.
   220 | D:4      | Reached skill level 4 in Unarmed Combat
   220 | D:4      | Reached XP level 3. HP: 36/36 MP: 2/2
   236 | D:5      | Entered Level 5 of the Dungeon
   239 | D:5      | Found a stormy altar of Qazlal.
   265 | D:6      | Noticed a sky beast
   291 | D:6      | Killed a sky beast
   291 | D:6      | Reached * piety under Okawaru
   291 | D:6      | Reached skill level 5 in Unarmed Combat
   291 | D:6      | Reached XP level 4. HP: 8/44 MP: 3/3
   291 | D:6      | Reached XP level 5. HP: 9/50 MP: 4/4
   308 | D:6      | Noticed a black bear
   326 | D:6      | Killed a black bear
   326 | D:6      | Reached skill level 6 in Unarmed Combat
   326 | D:6      | Reached XP level 6. HP: 21/59 MP: 2/5
   351 | D:6      | Noticed a sky beast
   362 | D:6      | Killed a sky beast
   362 | D:6      | Reached skill level 7 in Unarmed Combat
   384 | D:7      | Noticed Prince Ribbit
   461 | D:7      | Found Zyokut's Food Shop.
   531 | D:8      | Noticed Typerbomb's ghost (novice TeFi)
   548 | D:8      | Killed Typerbomb's ghost
   548 | D:8      | Reached ** piety under Okawaru
   548 | D:8      | Reached *** piety under Okawaru
   548 | D:8      | Reached skill level 9 in Unarmed Combat
   548 | D:8      | Reached XP level 7. HP: 48/66 MP: 3/6
   555 | D:8      | HP: 2/66 [centaur/arrow (2)]
   555 | D:8      | Mangled by a wyvern skeleton

Vault maps used:
D:1:      onia_arrival_handbag
D:2:      grunt_temple_overflow_order_and_chaos_1, overflow_temple_1_default,
          gammafunk_temple_overflow_elements, minmay_pentomino_v2
D:3:      ecumenical_altar_1, first_bread, grunt_dithmenos_smoke, uniq_natasha,
          uniq_terence
D:4:      elyvilon_altar_4
D:5:      grunt_qazlal_clouds, nicolae_overflow_crystal_walls,
          lemuel_coloured_pillars_altar, minmay_hedge_maze
D:6:      lemuel_ice_spiral_2
D:7:      old_standard_altar, serial_shops, shop, grunt_ogre_cave,
          uniq_prince_ribbit1
D:8:      serial_bayou_lagoon_a, grunt_decor_mini_mirrors

Skill      XL: |  1  2  3  4  5  6 |
---------------+-------------------+-----
Unarmed Combat | 4 5 6 9 |  9.2
Fighting       | |  2.4
Dodging        | |  2.4
Shields        | |  2.4

Action                   |  1- 3 |  4- 6 |  7- 9 || total
-------------------------+-------+-------+-------++-------
Melee: Unarmed           |    55 |    45 |     1 ||   101
Invok: Heroism           |       |     5 |       ||     5
  Use: Potion            |     1 |       |       ||     1
       Scroll            |       |       |     2 ||     2
 Stab: Sleeping          |     1 |       |       ||     1
  Eat: Chunk             |     6 |     3 |       ||     9
Armor: Robe              |    16 |     6 |       ||    22
Dodge: Dodged            |    14 |    10 |       ||    24
Block: Shield            |    20 |    20 |     3 ||    43

Table legend:
 A = Turns spent in this place as a percentage of turns spent in the entire game.
 B = Non-inter-level travel turns spent in this place as a percentage of non-inter-level travel turns spent in the entire game.
 C = Inter-level travel turns spent in this place as a percentage of turns spent in this place.
 D = Turns resting spent in this place as a percentage of non-inter-level travel turns spent in this place.
 E = Turns spent auto-exploring this place as a percentage of non-inter-level travel turns spent in this place.
 F = Non-inter-level travel turns spent in this place divided by the number of levels of this place that you've seen.
                   A       B       C       D       E      F
               +-------+-------+-------+-------+-------+----------------------
         Total | 100.0 | 100.0 |   0.0 |   0.0 |   0.0 |  69.6
       Dungeon | 100.0 | 100.0 |   0.0 |   0.0 |   0.0 |  69.6
               +-------+-------+-------+-------+-------+----------------------

Table legend:
 A = Kills in this place as a percentage of kills in entire the game.
 B = Kills by you in this place as a percentage of kills by you in the entire game.
 C = Kills by friends in this place as a percentage of kills by friends in the entire game.
 D = Other kills in this place as a percentage of other kills in the entire game.
 E = Experience gained in this place as a percentage of experience gained in the entire game.
 F = Experience gained in this place divided by the number of levels of this place that you have seen.
                   A       B       C       D       E      F
               +-------+-------+-------+-------+-------+----------------------
         Total | 100.0 | 100.0 |  -nan |  -nan | 100.0 | 165.6
       Dungeon | 100.0 | 100.0 |  -nan |  -nan | 100.0 | 165.6
               +-------+-------+-------+-------+-------+----------------------
